 Dungeon Crawl Stone Soup version 0.31.0-11-ge490571c62 (webtiles) character file.

Game seed: 10607823310349211282

330 PaiMei the Digger (level 6, 0/32 HPs)
             Began as a Gargoyle Earth Elementalist on Feb 2, 2024.
             Slain by an orc
             ... wielding a +0 mace
              (7 damage)
             ... on level 4 of the Dungeon.
             The game lasted 00:04:49 (3292 turns).

PaiMei the Digger (Gargoyle Earth Elementalist)     Turns: 3292, Time: 00:04:49

Health: 0/32       AC:  8    Str: 11    XL:     6   Next: 51%
Magic:  5/10       EV: 12    Int: 18    God:
Gold:   273        SH:  0    Dex: 10    Spells: 10/11 levels left

rFire   . . .        r - +2 dagger (drain)
rCold   . . .        (no shield)
rNeg    + . .        a - +0 robe
rPois   ∞            C - +0 helmet
rElec   +            (no cloak)
rCorr   .            i - +0 pair of gloves
SInv    .            (no boots)
Will    .....        (no amulet)
Stlth   ++           (no ring)
HPRegen 0.25/turn    (no ring)
MPRegen 0.12/turn

%: no passive effects
@: no status effects
A: sickness immunity, AC +4, negative energy resistance 1, electricity
resistance, torment resistance 1, petrification resistance
a: no special abilities


You were on level 4 of the Dungeon.
You visited 1 branch of the dungeon, and saw 4 of its levels.

You collected 273 gold pieces.

Inventory:

Hand Weapons
 d - a +0 dagger
 e - a +0 rapier of protection
 r - a +2 dagger of draining (weapon)
Missiles
 h - 38 stones
Armour
 a - a +0 robe (worn)
 i - a +0 pair of gloves (worn)
 y - an orb of mayhem
 C - a +0 helmet (worn)
Jewellery
 m - a ring of resist corrosion
Wands
 x - a wand of polymorph (5)
 A - a wand of quicksilver (4)
Scrolls
 c - 2 scrolls of identify {unknown}
 g - a scroll of silence {unknown}
 j - 2 scrolls of teleportation {unknown}
 n - a scroll of enchant weapon {unknown}
 o - 2 scrolls of noise {unknown}
 s - a scroll of vulnerability {unknown}
 v - a scroll of torment {unknown}
Potions
 b - a potion of magic
 f - a potion of haste {unknown}
 k - 2 potions of brilliance {unknown}
 l - a potion of degeneration {unknown}
 p - a potion of resistance {unknown}
 q - a potion of mutation {unknown}
 t - a potion of might {unknown}
 u - a potion of enlightenment {unknown}
 w - a potion of heal wounds {unknown}
 z - a potion of attraction {unknown}
 B - a potion of cancellation {unknown}


   Skills:
 + Level 2.7 Dodging
 + Level 4.0 Stealth
 + Level 3.2 Spellcasting
 + Level 3.1 Conjurations
 + Level 5.0 Earth Magic


You had 10 spell levels left.
You knew the following spells:

 Your Spells              Type           Power      Damage    Failure   Level
a - Sandblast             Erth           42%        2d11      1%          1

Your spell library contained the following spells:

 Spells                   Type           Power      Damage    Failure   Level
 Passwall                 Erth           21%        N/A       6%          3
 Stone Arrow              Conj/Erth      34%        3d9       9%          3
 Brom's Barrelling Bould  Conj/Erth      17%        2d4       30%         4
 Fugue of the Fallen      Necr           2%         N/A       43%         3
 Ozocubu's Armour         Ice            2%         N/A       43%         3
 Petrify                  Alch/Erth      12%        N/A       50%         4
 Manifold Assault         Tloc           2%         N/A       85%         4


Dungeon Overview and Level Annotations

Branches:
Dungeon (4/15)
 Temple: D:4-7

Altars:
Cheibriados
Makhleb

Shops:
D:1 [


Innate Abilities, Weirdness & Mutations

You are immune to sickness and miasma.
Your stone body is resilient. (AC +4)
You are immune to poison.
You resist negative energy. (rN+)
You are resistant to electric shocks. (rElec)
You are resistant to unholy torment.
You are immune to petrification.


Message History

Aiming: Sandblast (safe; 1% risk of failure)
Press: ? - help, Shift-Dir - straight line, f/p - orc priest
Aim: an orc priest, wielding a +0 dagger and wearing a +0 leather armour (moderately wounded, 83% to hit)
The blast of sand hits the orc priest.
The orc priest is severely wounded.
The orc priest hits you with a +0 dagger.
Casting: Sandblast (safe; 1% risk of failure)
Confirm with . or Enter, or press ? or * to list all spells.
Aiming: Sandblast (safe; 1% risk of failure)
Press: ? - help, Shift-Dir - straight line, f/p - orc priest
Aim: an orc priest, wielding a +0 dagger and wearing a +0 leather armour (severely wounded, 83% to hit)
The blast of sand hits the orc priest!
You kill the orc priest!
The goblin barely misses you. The goblin hits you but does no damage.
Your Stealth skill increases to level 4!
Your Earth Magic skill increases to level 5!
The goblin hits you but does no damage.
Items here: )) [[ ††.
You completely miss the goblin. The goblin hits you but does no damage.
You closely miss the goblin. The goblin hits you with a +0 dagger.
* * * LOW HITPOINT WARNING * * *
The orc shouts!
You hit the goblin but do no damage.
You hear a shout!
The goblin misses you.
You hit the goblin.
The goblin is heavily wounded.
The goblin closely misses you.
You closely miss the goblin.
The goblin is heavily wounded.
The goblin closely misses you.
You hit the goblin but do no damage. You drain the goblin.
You kill the goblin!
The orc hits you with a +0 mace.
* * * LOW HITPOINT WARNING * * *
You hit the orc.
The orc is moderately wounded.
A goblin comes into view. It is wielding a +0 dagger.
The orc hits you with a +0 mace!
You die...

+###...!## .$...
.. #g#.##.#
#...#..#
#$##+#...#.#
#..........#
##.....#...######
#.....#..o.....#
#.....#.#.@)...#
#######....<...#
####.....#
#######


You could see an orc and a goblin.

Vanquished Creatures
  A bombardier beetle (D:3)
  A hound (D:3)
  An orc priest (D:4)
  Jessica (D:3)
  Ijyb (D:3)
  Terence (D:3)
  An orc wizard (D:4)
  Robin (D:3)
  5 adders
  2 dart slugs (D:1)
  A ribbon worm (D:3)
  8 ball pythons
  6 bats
  7 endoplasms
  4 giant cockroaches
  12 goblins
  9 hobgoblins
  3 jackals (D:3)
  2 quokkas (D:2)
  A frilled lizard (D:2)
  4 kobolds
  2 rats
74 creatures vanquished.

Notes
Turn   | Place    | Note
-------+----------+-------------------------------------------
     0 | D:1      | PaiMei the Gargoyle Earth Elementalist began the quest for
                  | the Orb.
     0 | D:1      | Reached XP level 1. HP: 10/10 MP: 3/3
   116 | D:1      | Reached XP level 2. HP: 15/15 MP: 3/5
   546 | D:1      | Reached XP level 3. HP: 19/19 MP: 6/6
   591 | D:1      | Found Qaginest's Antique Armour Emporium.
   773 | D:2      | Found a burning altar of Makhleb.
   858 | D:2      | Reached skill level 4 in Earth Magic
  1276 | D:2      | Reached XP level 4. HP: 23/24 MP: 7/7
  1674 | D:3      | Noticed Jessica
  1679 | D:3      | Killed Jessica
  1754 | D:3      | Reached XP level 5. HP: 27/28 MP: 9/9
  1928 | D:3      | Found a faded altar of an unknown god.
  2068 | D:3      | Found a snail-covered altar of Cheibriados.
  2073 | D:3      | Noticed Terence
  2088 | D:3      | Killed Terence
  2479 | D:3      | Noticed Ijyb
  2479 | D:3      | Noticed Robin
  2498 | D:3      | Killed Ijyb
  2499 | D:3      | Reached XP level 6. HP: 8/32 MP: 4/10
  2938 | D:3      | Killed Robin
  3285 | D:4      | Reached skill level 5 in Earth Magic
  3292 | D:4      | Slain by an orc

Illustrated notes

Levels and vault maps discovered:
D:1:      dpeg_arrival_rhombus, layout_loops_ring, serial_shops, shop,
          minmay_gold_behind_fungi, nicolae_the_louvre
D:2:      layout_basic, basic_altar, hex_tiny
D:3:      layout_rooms, slow_altar_1, basic_ecumenical_altar, minivault_23,
          serial_bayou_pond_c, nicolae_goblin_pals, uniq_terence, uniq_ijyb,
          uniq_jessica
D:4:      layout_basic, yredelemnul_forgotten_temple_becter,
          mainiacjoe_overflow_concentric_impassable,
          minmay_temple_entry_offerings, uniq_crazy_yiuf_cottage

Skill      XL: |  1  2  3  4  5  6 |
---------------+-------------------+-----
Earth Magic    | 4 5 |  5.0
Dodging        | 2 |  2.7
Stealth        | 3 4 |  4.0
Conjurations   | 2 3 |  3.1
Spellcasting   | 3 |  3.2

Action                     |  1- 3 |  4- 6 || total
---------------------------+-------+-------++-------
  Melee: Unarmed           |    14 |       ||    14
         Dagger            |    29 |   112 ||   141
         Rapier            |    75 |    40 ||   115
         Punch             |     1 |     2 ||     3
   Cast: Sandblast         |     3 |    28 ||    31
   Stab: Sleeping          |     2 |     2 ||     4
 Armour: Robe              |    67 |   140 ||   207
  Dodge: Dodged            |    75 |   182 ||   257
